1984 views
Uploaded 2022-12-26 13:15:45
Game version 1.33
53:45 long 3on3 ladder game on (6)Monsoon_LV
Saved by Cabeelibob
1984 views
Uploaded 2022-12-26 13:15:45
Game version 1.33
53:45 long 3on3 ladder game on (6)Monsoon_LV


150 units @ 25.7k
/ 5.3k
140 buildings @ 16.7k
/ 8.6k


| Scroll of Regeneration | 2 | 200 |
| Lesser Clarity Potion | 1 | 70 |
| total: | 3 | 270g |
| Peasant | 22 | 1650 | / | 0 |
| Footman | 5 | 675 | / | 0 |
| Rifleman | 2 | 410 | / | 60 |
| Siege Engine | 3 | 585 | / | 180 |
| Mortar Team | 7 | 1260 | / | 490 |
| Gryphon Rider | 13 | 3640 | / | 910 |
| total: | 52 | 8220g | / | 1640w |
| Scout Tower | 28 | 840 | / | 560 |
| Arcane Tower | 7 | 490 | / | 350 |
| Guard Tower | 21 | 1470 | / | 1050 |
| Altar of Kings | 1 | 180 | / | 50 |
| Farm | 12 | 960 | / | 240 |
| Barracks | 2 | 320 | / | 120 |
| Blacksmith | 1 | 140 | / | 60 |
| Arcane Vault | 2 | 260 | / | 60 |
| Lumber Mill | 2 | 240 | / | 0 |
| Town Hall | 2 | 770 | / | 410 |
| Workshop | 2 | 280 | / | 280 |
| Gryphon Aviary | 2 | 280 | / | 300 |
| Keep | 1 | 320 | / | 210 |
| Castle | 1 | 360 | / | 210 |
| total: | 54 | 4270g | / | 2080w |
| 0:05 | Peasant |
| 0:05 | Peasant |
| 0:12 | Altar of Kings |
| 0:15 | Farm |
| 0:17 | Peasant |
| 0:24 | Peasant |
| 0:41 | Peasant |
| 0:53 | Barracks |
| 0:56 | Farm |
| 1:02 | Peasant |
| 1:23 | Peasant |
| 1:31 | Peasant |
| 1:41 | Scout Tower |
| 1:56 | Blacksmith |
| 1:57 | Footman |
| 2:02 | Peasant |
| 2:03 | Peasant |
| 2:08 | Farm |
| 2:18 | Holy Light |
| 2:21 | Footman |
| 2:25 | Arcane Tower |
| 2:40 | Footman |
| 2:54 | Farm |
| 2:57 | Footman |
| 3:47 | Footman |
| 3:51 | Barracks |
| 4:17 | Rifleman |
| 4:20 | Arcane Vault |
| 4:34 | Keep |
| 4:52 | Scroll of Regeneration |
| 4:56 | Lesser Clarity Potion |
| 5:22 | Farm |
| 5:26 | Lumber Mill |
| 6:17 | Black Gunpowder |
| 6:17 | Studded Leather Armor |
| 6:20 | Farm |
| 6:32 | Divine Shield |
| 6:47 | Scout Tower |
| 6:51 | Scout Tower |
| 6:55 | Improved Masonry |
| 6:56 | Improved Lumber Harvesting |
| 7:02 | Peasant |
| 7:02 | Peasant |
| 7:18 | Workshop |
| 7:21 | Workshop |
| 7:25 | Guard Tower |
| 7:27 | Guard Tower |
| 7:34 | Scout Tower |
| 8:15 | Guard Tower |
| 8:19 | Scout Tower |
| 8:21 | Long Rifles |
| 8:58 | Scout Tower |
| 9:00 | Scout Tower |
| 9:25 | Arcane Tower |
| 9:27 | Scout Tower |
| 9:29 | Advanced Lumber Harvesting |
| 9:34 | Flare |
| 9:44 | Guard Tower |
| 9:46 | Guard Tower |
| 9:52 | Peasant |
| 9:52 | Peasant |
| 10:18 | Town Hall |
| 10:23 | Farm |
| 10:27 | Guard Tower |
| 11:22 | Castle |
| 12:03 | Holy Light |
| 12:25 | Refined Gunpowder |
| 12:27 | Reinforced Leather Armor |
| 12:29 | Advanced Masonry |
| 13:25 | Peasant |
| 13:26 | Peasant |
| 13:26 | Peasant |
| 13:29 | Scout Tower |
| 13:33 | Scout Tower |
| 13:38 | Storm Bolt |
| 13:48 | Barrage |
| 13:49 | Siege Engine |
| 13:56 | Rifleman |
| 14:00 | Arcane Tower |
| 14:03 | Scout Tower |
| 14:06 | Arcane Tower |
| 14:11 | Gryphon Aviary |
| 14:39 | Scout Tower |
| 14:43 | Guard Tower |
| 14:47 | Farm |
| 14:57 | Gryphon Aviary |
| 15:00 | Imbued Masonry |
| 15:06 | Guard Tower |
| 15:39 | Devotion Aura |
| 15:55 | Storm Hammers |
| 16:12 | Siege Engine |
| 16:17 | Farm |
| 16:28 | Lumber Mill |
| 17:10 | Siege Engine |
| 17:12 | Dragonhide Armor |
| 17:13 | Imbued Gunpowder |
| 17:28 | Farm |
| 17:37 | Fragmentation Shards |
| 17:41 | Flying Machine Bombs |
| 18:13 | Mortar Team |
| 18:16 | Mortar Team |
| 19:09 | Farm |
| 19:31 | Bash |
| 19:54 | Mortar Team |
| 19:56 | Mortar Team |
| 19:59 | Farm |
| 20:04 | Peasant |
| 20:04 | Peasant |
| 20:04 | Peasant |
| 20:05 | Peasant |
| 20:05 | Peasant |
| 20:14 | Scout Tower |
| 20:16 | Scout Tower |
| 20:18 | Iron Plating |
| 20:19 | Iron Forged Swords |
| 20:36 | Scout Tower |
| 20:45 | Scout Tower |
| 21:25 | Guard Tower |
| 21:27 | Guard Tower |
| 21:31 | Arcane Tower |
| 21:32 | Guard Tower |
| 21:35 | Town Hall |
| 21:39 | Scout Tower |
| 22:07 | Scout Tower |
| 22:09 | Guard Tower |
| 26:02 | Mortar Team |
| 26:03 | Mortar Team |
| 26:04 | Mortar Team |
| 30:03 | Gryphon Rider |
| 30:04 | Gryphon Rider |
| 30:05 | Gryphon Rider |
| 31:38 | Steel Forged Swords |
| 31:39 | Steel Plating |
| 32:43 | Scout Tower |
| 32:45 | Guard Tower |
| 32:47 | Scout Tower |
| 34:25 | Storm Bolt |
| 34:32 | Gryphon Rider |
| 34:33 | Gryphon Rider |
| 34:37 | Mithril Forged Swords |
| 34:37 | Mithril Plating |
| 36:07 | Gryphon Rider |
| 36:23 | Guard Tower |
| 36:25 | Arcane Tower |
| 39:22 | Gryphon Rider |
| 39:23 | Gryphon Rider |
| 39:23 | Gryphon Rider |
| 39:23 | Gryphon Rider |
| 39:24 | Gryphon Rider |
| 39:24 | Gryphon Rider |
| 39:24 | Gryphon Rider |
| 41:54 | Scout Tower |
| 41:56 | Scout Tower |
| 41:59 | Scout Tower |
| 42:15 | Guard Tower |
| 42:17 | Guard Tower |
| 42:26 | Guard Tower |
| 42:43 | Scout Tower |
| 42:46 | Scout Tower |
| 42:52 | Scout Tower |
| 42:55 | Scout Tower |
| 43:12 | Arcane Tower |
| 43:29 | Guard Tower |
| 43:30 | Guard Tower |
| 43:32 | Guard Tower |
| 43:42 | Scout Tower |
| 44:12 | Guard Tower |
| 44:48 | Arcane Vault |
| 45:01 | Holy Light |
| 45:20 | Scroll of Regeneration |
| Right click | 1069 |
| Select | 532 |
| Build/train/purchase | 147 |
| Use ability | 68 |
| Misc. action | 7 |
| Assign group | 6 |
| Item give/drop | 2 |
| Remove unit | 1 |
| Select group | 1 |
| Minimap ping | 1 |
SunnyBoy
(6)
(53:12) : 

| Healing Salve | 4 | 400 |
| Lesser Clarity Potion | 5 | 350 |
| Orb of Lightning | 1 | 375 |
| total: | 10 | 1125g |
| Peon | 14 | 1050 | / | 0 |
| Grunt | 6 | 1200 | / | 0 |
| Troll Batrider | 20 | 3200 | / | 800 |
| Troll Witch Doctor | 13 | 1885 | / | 325 |
| Demolisher | 13 | 2860 | / | 650 |
| Mortar Team | 6 | 1080 | / | 420 |
| total: | 72 | 11275g | / | 2195w |
| Watch Tower | 43 | 4730 | / | 3440 |
| Altar of Storms | 1 | 180 | / | 50 |
| Orc Burrow | 6 | 960 | / | 240 |
| Barracks | 2 | 360 | / | 100 |
| Voodoo Lounge | 1 | 130 | / | 30 |
| War Mill | 1 | 205 | / | 0 |
| Great Hall | 4 | 1540 | / | 740 |
| Beastiary | 2 | 290 | / | 280 |
| Spirit Lodge | 1 | 150 | / | 150 |
| Stronghold | 1 | 315 | / | 190 |
| Fortress | 1 | 325 | / | 190 |
| total: | 61 | 8545g | / | 5030w |
| 0:02 | Peon |
| 0:03 | Peon |
| 0:21 | Altar of Storms |
| 0:24 | Peon |
| 0:34 | Orc Burrow |
| 0:38 | Peon |
| 0:50 | Barracks |
| 0:53 | Peon |
| 1:18 | Voodoo Lounge |
| 1:43 | Orc Burrow |
| 1:50 | Grunt |
| 2:07 | Pillage |
| 2:08 | Grunt |
| 2:27 | Healing Salve |
| 2:27 | Healing Salve |
| 2:27 | Lesser Clarity Potion |
| 2:27 | Lesser Clarity Potion |
| 2:37 | Serpent Ward |
| 2:40 | Grunt |
| 3:01 | Grunt |
| 3:28 | War Mill |
| 3:53 | Grunt |
| 4:21 | Orc Burrow |
| 4:34 | Stronghold |
| 4:43 | Steel Armor |
| 5:15 | Grunt |
| 6:15 | Orc Burrow |
| 6:56 | Watch Tower |
| 7:00 | Peon |
| 7:00 | Peon |
| 7:02 | Steel Melee Weapons |
| 7:04 | Watch Tower |
| 7:06 | Watch Tower |
| 7:12 | Great Hall |
| 7:52 | Peon |
| 7:53 | Peon |
| 8:38 | Watch Tower |
| 8:40 | Reinforced Defenses |
| 9:09 | Lesser Clarity Potion |
| 9:09 | Lesser Clarity Potion |
| 9:12 | Feral Spirit |
| 9:14 | Hex |
| 9:36 | Beastiary |
| 9:49 | Peon |
| 9:50 | Peon |
| 9:57 | Watch Tower |
| 10:18 | Peon |
| 10:20 | Watch Tower |
| 10:36 | Serpent Ward |
| 10:38 | Chain Lighting |
| 10:40 | Troll Batrider |
| 10:40 | Troll Batrider |
| 10:44 | Beastiary |
| 10:45 | Peon |
| 11:03 | Peon |
| 11:13 | Troll Batrider |
| 11:27 | Watch Tower |
| 11:33 | Spirit Lodge |
| 11:53 | Troll Batrider |
| 11:53 | Troll Batrider |
| 12:09 | Troll Batrider |
| 12:13 | Fortress |
| 12:24 | Troll Batrider |
| 12:33 | Watch Tower |
| 12:51 | Witch Doctor Adept Training |
| 12:59 | Troll Batrider |
| 13:16 | Healing Salve |
| 13:20 | Watch Tower |
| 13:24 | Orc Burrow |
| 13:46 | Healing Salve |
| 14:20 | Orc Burrow |
| 14:24 | Troll Witch Doctor |
| 14:44 | Troll Batrider |
| 14:55 | Watch Tower |
| 14:58 | Witch Doctor Master Training |
| 15:22 | Watch Tower |
| 15:32 | Troll Batrider |
| 15:35 | Burning Oil |
| 16:15 | Feral Spirit |
| 16:16 | Hex |
| 16:22 | Troll Witch Doctor |
| 16:30 | Watch Tower |
| 16:32 | Troll Batrider |
| 16:32 | Troll Batrider |
| 16:57 | Liquid Fire |
| 17:10 | Troll Witch Doctor |
| 17:49 | Watch Tower |
| 18:48 | Watch Tower |
| 18:53 | Spiked Barricades |
| 19:12 | Watch Tower |
| 19:19 | Watch Tower |
| 20:03 | Watch Tower |
| 20:21 | Watch Tower |
| 20:25 | Watch Tower |
| 21:32 | Far Sight |
| 21:36 | Watch Tower |
| 21:50 | Barracks |
| 21:52 | Steel Ranged Weapons |
| 22:00 | Watch Tower |
| 22:03 | Watch Tower |
| 24:54 | Great Hall |
| 25:37 | Troll Witch Doctor |
| 26:02 | Watch Tower |
| 26:03 | Watch Tower |
| 26:12 | Hex |
| 26:14 | Demolisher |
| 27:04 | Watch Tower |
| 27:05 | Watch Tower |
| 28:52 | Troll Witch Doctor |
| 30:45 | Watch Tower |
| 31:22 | Troll Batrider |
| 31:23 | Troll Batrider |
| 31:23 | Troll Batrider |
| 31:26 | Troll Batrider |
| 31:26 | Troll Batrider |
| 31:26 | Troll Batrider |
| 33:55 | Watch Tower |
| 34:31 | Great Hall |
| 35:04 | Demolisher |
| 36:05 | Watch Tower |
| 36:08 | Watch Tower |
| 36:58 | Watch Tower |
| 37:24 | Watch Tower |
| 37:26 | Watch Tower |
| 37:56 | Lesser Clarity Potion |
| 37:59 | Orb of Lightning |
| 38:29 | Watch Tower |
| 38:34 | Watch Tower |
| 38:35 | Watch Tower |
| 40:03 | Watch Tower |
| 40:15 | Chain Lighting |
| 41:02 | Watch Tower |
| 41:05 | Demolisher |
| 41:13 | Watch Tower |
| 41:50 | Demolisher |
| 41:50 | Demolisher |
| 41:51 | Demolisher |
| 42:10 | Watch Tower |
| 42:17 | Demolisher |
| 42:21 | Watch Tower |
| 45:17 | Great Hall |
| 45:19 | Demolisher |
| 45:21 | Troll Witch Doctor |
| 45:21 | Troll Witch Doctor |
| 45:53 | Troll Witch Doctor |
| 46:00 | Demolisher |
| 46:08 | Watch Tower |
| 46:24 | Demolisher |
| 46:26 | Demolisher |
| 46:45 | Troll Witch Doctor |
| 46:56 | Demolisher |
| 46:58 | Demolisher |
| 49:42 | Troll Witch Doctor |
| 49:42 | Troll Witch Doctor |
| 49:42 | Troll Witch Doctor |
| 50:04 | Troll Witch Doctor |
| 50:28 | Watch Tower |
| 50:39 | Troll Batrider |
| 50:39 | Troll Batrider |
| 51:37 | Mortar Team |
| 51:38 | Mortar Team |
| 51:38 | Mortar Team |
| 51:38 | Mortar Team |
| 51:38 | Mortar Team |
| 51:38 | Mortar Team |
| Right click | 2419 |
| Select group | 1866 |
| Select | 495 |
| Use ability | 185 |
| Build/train/purchase | 159 |
| Chat | 86 |
| Assign group | 37 |
| Resource trade | 27 |
| Minimap ping | 25 |
| Misc. action | 13 |
| Item give/drop | 9 |
| Remove unit | 1 |
| Esc | 1 |


| Sacrificial Skull | 1 | 50 |
| Scroll of Healing | 1 | 250 |
| Ivory Tower | 2 | 80 |
| total: | 4 | 380g |
| Acolyte | 3 | 225 | / | 0 |
| Ghoul | 11 | 1320 | / | 0 |
| Frost Wyrm | 12 | 4620 | / | 1440 |
| total: | 26 | 6165g | / | 1440w |
| Nerubian Tower | 1 | 100 | / | 20 |
| Spirit Tower | 8 | 1160 | / | 320 |
| Altar of Darkness | 1 | 180 | / | 50 |
| Crypt | 1 | 200 | / | 50 |
| Ziggurat | 19 | 2850 | / | 950 |
| Graveyard | 1 | 215 | / | 0 |
| Tomb of Relics | 1 | 130 | / | 30 |
| Boneyard | 2 | 350 | / | 400 |
| Halls of the Dead | 1 | 320 | / | 210 |
| Black Citadel | 1 | 325 | / | 230 |
| Arcane Tower | 2 | 140 | / | 100 |
| total: | 25 | 3925g | / | 1480w |
| 0:05 | Altar of Darkness |
| 0:13 | Crypt |
| 0:23 | Ziggurat |
| 0:26 | Acolyte |
| 0:56 | Acolyte |
| 1:18 | Ghoul |
| 1:18 | Ghoul |
| 1:27 | Ziggurat |
| 1:38 | Ghoul |
| 1:52 | Ghoul |
| 2:11 | Ghoul |
| 2:22 | Carrion Swarm |
| 2:39 | Ghoul |
| 2:48 | Ghoul |
| 2:52 | Graveyard |
| 3:10 | Ghoul |
| 3:57 | Ziggurat |
| 3:58 | Ghoul |
| 4:23 | Unholy Armor |
| 4:38 | Unholy Strength |
| 4:40 | Cannibalize |
| 4:41 | Ghoul |
| 5:22 | Halls of the Dead |
| 5:26 | Ziggurat |
| 7:17 | Nerubian Tower |
| 7:18 | Spirit Tower |
| 7:24 | Ghoul |
| 7:45 | Black Citadel |
| 7:49 | Spirit Tower |
| 7:53 | Ziggurat |
| 8:53 | Ziggurat |
| 9:28 | Vampiric Aura |
| 10:08 | Boneyard |
| 10:13 | Boneyard |
| 10:16 | Creature Carapace |
| 10:16 | Creature Attack |
| 10:20 | Ziggurat |
| 10:29 | Ziggurat |
| 10:33 | Ziggurat |
| 10:45 | Ghoul Frenzy |
| 11:50 | Frost Wyrm |
| 12:45 | Freezing Breath |
| 13:07 | Frost Wyrm |
| 13:28 | Death Coil |
| 13:41 | Improved Creature Attack |
| 13:49 | Frost Wyrm |
| 14:33 | Improved Creature Carapace |
| 14:35 | Frost Wyrm |
| 15:22 | Unholy Aura |
| 16:08 | Frost Wyrm |
| 16:11 | Advanced Creature Attack |
| 16:39 | Vampiric Aura |
| 17:43 | Scroll of Healing |
| 17:49 | Frost Wyrm |
| 17:58 | Frost Wyrm |
| 18:50 | Unholy Aura |
| 19:02 | Advanced Creature Carapace |
| 20:22 | Spirit Tower |
| 20:24 | Spirit Tower |
| 20:34 | Frost Wyrm |
| 22:12 | Spirit Tower |
| 22:22 | Ziggurat |
| 22:29 | Ziggurat |
| 26:46 | Frost Wyrm |
| 28:12 | Sleep |
| 31:19 | Ziggurat |
| 31:21 | Ziggurat |
| 31:21 | Ziggurat |
| 31:24 | Ziggurat |
| 32:17 | Spirit Tower |
| 32:20 | Ziggurat |
| 32:26 | Ziggurat |
| 32:31 | Ziggurat |
| 32:36 | Ziggurat |
| 34:03 | Spirit Tower |
| 34:05 | Spirit Tower |
| 35:28 | Frost Wyrm |
| 37:06 | Frost Wyrm |
| 40:37 | Death Coil |
| 41:12 | Tomb of Relics |
| 42:26 | Sacrificial Skull |
| 42:31 | Acolyte |
| 42:41 | Frost Wyrm |
| 45:19 | Ivory Tower |
| 45:19 | Ivory Tower |
| 45:32 | Arcane Tower |
| 45:35 | Arcane Tower |
| Right click | 638 |
| Select group | 444 |
| Select | 284 |
| Misc. action | 120 |
| Build/train/purchase | 80 |
| Resource trade | 47 |
| Use ability | 31 |
| Assign group | 20 |
| Minimap ping | 6 |
| Chat | 6 |
| Item give/drop | 2 |
91 units @ 8.8k
/ 1.3k
125 buildings @ 10k
/ 4.8k
Jgraham2
(30)
(53:44) : | Peasant | 23 | 1725 | / | 0 |
| total: | 23 | 1725g | / | 0w |
| Scout Tower | 34 | 1020 | / | 680 |
| Arcane Tower | 2 | 140 | / | 100 |
| Guard Tower | 9 | 630 | / | 450 |
| Altar of Kings | 2 | 360 | / | 100 |
| Farm | 5 | 400 | / | 100 |
| Lumber Mill | 2 | 240 | / | 0 |
| Town Hall | 2 | 770 | / | 410 |
| Keep | 2 | 640 | / | 420 |
| total: | 45 | 2790g | / | 1290w |
| 0:11 | Peasant |
| 0:11 | Peasant |
| 0:11 | Peasant |
| 0:11 | Peasant |
| 0:11 | Peasant |
| 0:11 | Peasant |
| 0:11 | Peasant |
| 0:37 | Altar of Kings |
| 1:01 | Farm |
| 1:02 | Farm |
| 1:03 | Farm |
| 1:10 | Lumber Mill |
| 1:11 | Peasant |
| 1:20 | Scout Tower |
| 1:40 | Peasant |
| 1:40 | Peasant |
| 2:12 | Arcane Tower |
| 2:16 | Peasant |
| 2:16 | Peasant |
| 2:16 | Peasant |
| 2:19 | Improved Lumber Harvesting |
| 2:34 | Peasant |
| 2:34 | Peasant |
| 3:26 | Scout Tower |
| 3:29 | Scout Tower |
| 3:30 | Scout Tower |
| 4:18 | Peasant |
| 4:18 | Peasant |
| 4:18 | Peasant |
| 4:45 | Scout Tower |
| 4:46 | Scout Tower |
| 4:47 | Scout Tower |
| 4:48 | Scout Tower |
| 4:48 | Scout Tower |
| 4:54 | Scout Tower |
| 4:58 | Scout Tower |
| 5:00 | Scout Tower |
| 5:00 | Scout Tower |
| 5:15 | Keep |
| 5:19 | Arcane Tower |
| 5:21 | Guard Tower |
| 5:29 | Scout Tower |
| 5:29 | Scout Tower |
| 5:31 | Scout Tower |
| 5:32 | Scout Tower |
| 5:33 | Scout Tower |
| 7:18 | Farm |
| 7:19 | Farm |
| 7:27 | Lumber Mill |
| 8:25 | Town Hall |
| 8:32 | Guard Tower |
| 11:44 | Scout Tower |
| 11:47 | Scout Tower |
| 11:47 | Scout Tower |
| 11:49 | Scout Tower |
| 11:49 | Scout Tower |
| 11:50 | Scout Tower |
| 12:31 | Guard Tower |
| 12:32 | Guard Tower |
| 12:38 | Improved Masonry |
| 13:20 | Guard Tower |
| 27:16 | Town Hall |
| 27:24 | Altar of Kings |
| 30:16 | Keep |
| 42:23 | Peasant |
| 42:23 | Peasant |
| 42:23 | Peasant |
| 42:23 | Peasant |
| 42:24 | Peasant |
| 45:30 | Scout Tower |
| 45:32 | Scout Tower |
| 45:33 | Scout Tower |
| 45:34 | Scout Tower |
| 45:35 | Scout Tower |
| 45:36 | Scout Tower |
| 45:37 | Scout Tower |
| 46:02 | Guard Tower |
| 46:37 | Guard Tower |
| 50:35 | Guard Tower |
| 50:44 | Scout Tower |
| 50:45 | Scout Tower |
| 50:46 | Scout Tower |
| 51:21 | Guard Tower |
| Right click | 2646 |
| Select group | 1887 |
| Select | 345 |
| Build/train/purchase | 52 |
| Minimap ping | 47 |
| Resource trade | 37 |
| Chat | 36 |
| Assign group | 31 |
| Use ability | 11 |
| Remove unit | 5 |
Cabeelibob
(194)
(53:44) : 
| Healing Salve | 2 | 200 |
| Lesser Clarity Potion | 10 | 700 |
| Potion of Mana | 2 | 400 |
| Orb of Lightning | 1 | 375 |
| Tiny Great Hall | 1 | 600 |
| Staff of Teleportation | 2 | 300 |
| Boots of Speed | 5 | 1250 |
| Orb of Fire | 3 | 975 |
| total: | 26 | 4800g |
| Peon | 20 | 1500 | / | 0 |
| Troll Witch Doctor | 4 | 580 | / | 100 |
| Demolisher | 3 | 660 | / | 150 |
| total: | 27 | 2740g | / | 250w |
| Watch Tower | 6 | 660 | / | 480 |
| Altar of Storms | 1 | 180 | / | 50 |
| Orc Burrow | 4 | 640 | / | 160 |
| War Mill | 1 | 205 | / | 0 |
| Voodoo Lounge | 1 | 130 | / | 30 |
| Barracks | 1 | 180 | / | 50 |
| Great Hall | 1 | 385 | / | 185 |
| Spirit Lodge | 1 | 150 | / | 150 |
| Beastiary | 1 | 145 | / | 140 |
| Stronghold | 1 | 315 | / | 190 |
| Fortress | 1 | 325 | / | 190 |
| total: | 17 | 2675g | / | 1245w |
| 0:04 | Altar of Storms |
| 0:07 | Orc Burrow |
| 0:08 | Peon |
| 0:22 | Peon |
| 0:40 | Peon |
| 1:01 | War Mill |
| 1:05 | Peon |
| 1:16 | Peon |
| 1:24 | Voodoo Lounge |
| 1:41 | Peon |
| 1:51 | Orc Burrow |
| 1:53 | Peon |
| 2:00 | Peon |
| 2:13 | Wind Walk |
| 2:19 | Peon |
| 2:33 | Peon |
| 2:55 | Watch Tower |
| 2:55 | Watch Tower |
| 2:57 | Watch Tower |
| 2:58 | Watch Tower |
| 2:59 | Watch Tower |
| 3:00 | Watch Tower |
| 4:01 | Stronghold |
| 4:57 | Orc Burrow |
| 6:12 | Healing Salve |
| 6:13 | Lesser Clarity Potion |
| 6:40 | Staff of Teleportation |
| 6:44 | Boots of Speed |
| 7:01 | Fortress |
| 8:34 | Critical Strike |
| 8:51 | Lesser Clarity Potion |
| 8:59 | Reinforced Defenses |
| 9:02 | Spirit Lodge |
| 10:01 | Lesser Clarity Potion |
| 10:32 | Potion of Mana |
| 10:40 | Witch Doctor Adept Training |
| 10:45 | Beastiary |
| 13:46 | Witch Doctor Master Training |
| 14:18 | Critical Strike |
| 14:33 | Troll Witch Doctor |
| 14:34 | Troll Witch Doctor |
| 14:34 | Troll Witch Doctor |
| 14:34 | Troll Witch Doctor |
| 14:52 | Orb of Lightning |
| 15:06 | War Drums Damage Increase |
| 15:06 | Liquid Fire |
| 15:20 | Healing Salve |
| 15:29 | Orb of Fire |
| 16:43 | Tiny Great Hall |
| 18:44 | Lesser Clarity Potion |
| 18:54 | Peon |
| 18:54 | Peon |
| 18:54 | Peon |
| 18:55 | Peon |
| 18:55 | Peon |
| 23:20 | Shaman Adept Training |
| 23:55 | Barracks |
| 24:36 | Lesser Clarity Potion |
| 24:42 | Orc Burrow |
| 25:45 | Burning Oil |
| 25:57 | Demolisher |
| 25:57 | Demolisher |
| 25:58 | Demolisher |
| 26:51 | Wind Walk |
| 27:54 | Steel Ranged Weapons |
| 29:56 | Thorium Ranged Weapons |
| 30:38 | Lesser Clarity Potion |
| 31:53 | Arcanite Ranged Weapons |
| 32:31 | Peon |
| 32:31 | Peon |
| 32:31 | Peon |
| 32:31 | Peon |
| 32:31 | Peon |
| 37:57 | Great Hall |
| 38:48 | Critical Strike |
| 39:02 | Lesser Clarity Potion |
| 40:28 | Staff of Teleportation |
| 44:09 | Bladestorm |
| 45:51 | Lesser Clarity Potion |
| 47:01 | Lesser Clarity Potion |
| 48:19 | Wind Walk |
| 49:30 | Orb of Fire |
| 49:45 | Lesser Clarity Potion |
| 50:03 | Boots of Speed |
| 50:03 | Boots of Speed |
| 50:34 | Boots of Speed |
| 50:39 | Boots of Speed |
| 51:39 | Orb of Fire |
| 51:57 | Potion of Mana |
| Right click | 2120 |
| Select | 382 |
| Chat | 237 |
| Select group | 221 |
| Misc. action | 186 |
| Build/train/purchase | 175 |
| Resource trade | 86 |
| Use ability | 30 |
| Item give/drop | 25 |
| Minimap ping | 7 |
| Esc | 4 |
| Assign group | 3 |
| Remove unit | 3 |


| Orb of Lightning | 1 | 375 |
| total: | 1 | 375g |
| Peasant | 13 | 975 | / | 0 |
| Mortar Team | 5 | 900 | / | 350 |
| Dragonhawk Rider | 2 | 400 | / | 60 |
| Flying Machine | 21 | 2100 | / | 630 |
| total: | 41 | 4375g | / | 1040w |
| Scout Tower | 33 | 990 | / | 660 |
| Arcane Tower | 2 | 140 | / | 100 |
| Guard Tower | 13 | 910 | / | 650 |
| Lumber Mill | 2 | 240 | / | 0 |
| Altar of Kings | 2 | 360 | / | 100 |
| Farm | 16 | 1280 | / | 320 |
| Town Hall | 1 | 385 | / | 205 |
| Blacksmith | 2 | 280 | / | 120 |
| Arcane Vault | 1 | 130 | / | 30 |
| Workshop | 5 | 700 | / | 700 |
| Gryphon Aviary | 1 | 140 | / | 150 |
| Keep | 1 | 320 | / | 210 |
| Castle | 1 | 360 | / | 210 |
| total: | 63 | 4505g | / | 2285w |
| 0:02 | Peasant |
| 0:13 | Peasant |
| 0:17 | Lumber Mill |
| 0:18 | Altar of Kings |
| 0:19 | Peasant |
| 0:27 | Peasant |
| 0:35 | Farm |
| 0:36 | Peasant |
| 0:48 | Peasant |
| 0:59 | Peasant |
| 1:06 | Farm |
| 1:21 | Improved Lumber Harvesting |
| 1:30 | Peasant |
| 1:39 | Scout Tower |
| 1:53 | Peasant |
| 2:09 | Arcane Tower |
| 2:10 | Peasant |
| 2:14 | Farm |
| 2:17 | Peasant |
| 2:20 | Storm Bolt |
| 2:24 | Scout Tower |
| 2:24 | Scout Tower |
| 2:25 | Scout Tower |
| 2:25 | Scout Tower |
| 2:28 | Scout Tower |
| 2:47 | Peasant |
| 2:50 | Improved Masonry |
| 3:03 | Peasant |
| 3:11 | Guard Tower |
| 3:28 | Storm Bolt |
| 3:35 | Guard Tower |
| 3:36 | Scout Tower |
| 3:37 | Scout Tower |
| 3:38 | Scout Tower |
| 3:38 | Scout Tower |
| 3:50 | Farm |
| 4:09 | Guard Tower |
| 4:14 | Scout Tower |
| 4:17 | Guard Tower |
| 4:47 | Guard Tower |
| 5:48 | Town Hall |
| 6:23 | Arcane Tower |
| 6:25 | Scout Tower |
| 6:26 | Scout Tower |
| 6:56 | Lumber Mill |
| 6:57 | Farm |
| 6:59 | Farm |
| 7:00 | Keep |
| 7:05 | Farm |
| 7:07 | Farm |
| 7:14 | Blacksmith |
| 7:48 | Bash |
| 8:05 | Scout Tower |
| 8:06 | Scout Tower |
| 8:07 | Guard Tower |
| 8:08 | Scout Tower |
| 8:11 | Scout Tower |
| 8:11 | Scout Tower |
| 8:26 | Bash |
| 8:33 | Black Gunpowder |
| 8:38 | Guard Tower |
| 8:51 | Blacksmith |
| 8:52 | Altar of Kings |
| 9:03 | Scout Tower |
| 9:04 | Scout Tower |
| 9:04 | Scout Tower |
| 9:06 | Guard Tower |
| 9:30 | Workshop |
| 9:54 | Advanced Lumber Harvesting |
| 9:56 | Advanced Masonry |
| 10:00 | Castle |
| 10:15 | Workshop |
| 10:19 | Flak Cannons |
| 10:20 | Refined Gunpowder |
| 10:23 | Workshop |
| 10:44 | Holy Light |
| 10:52 | Workshop |
| 10:54 | Workshop |
| 11:14 | Flare |
| 11:20 | Gryphon Aviary |
| 11:24 | Arcane Vault |
| 11:27 | Mortar Team |
| 11:31 | Mortar Team |
| 11:38 | Guard Tower |
| 11:57 | Scout Tower |
| 11:58 | Scout Tower |
| 11:59 | Scout Tower |
| 12:04 | Mortar Team |
| 12:14 | Scout Tower |
| 12:14 | Scout Tower |
| 12:21 | Flying Machine Bombs |
| 12:21 | Fragmentation Shards |
| 12:23 | Imbued Gunpowder |
| 12:31 | Guard Tower |
| 12:39 | Guard Tower |
| 12:41 | Scout Tower |
| 13:00 | Scout Tower |
| 13:11 | Scout Tower |
| 13:12 | Scout Tower |
| 13:13 | Scout Tower |
| 13:14 | Scout Tower |
| 13:19 | Scout Tower |
| 13:27 | Farm |
| 13:29 | Farm |
| 13:30 | Farm |
| 13:46 | Guard Tower |
| 13:57 | Cloud |
| 13:58 | Dragonhawk Rider |
| 13:58 | Dragonhawk Rider |
| 14:03 | Iron Plating |
| 14:12 | Guard Tower |
| 14:20 | Imbued Masonry |
| 14:31 | Farm |
| 14:32 | Farm |
| 14:33 | Farm |
| 15:17 | Steel Plating |
| 15:54 | Farm |
| 19:49 | Flying Machine |
| 19:49 | Flying Machine |
| 19:49 | Flying Machine |
| 19:49 | Flying Machine |
| 19:50 | Flying Machine |
| 19:50 | Flying Machine |
| 19:50 | Flying Machine |
| 19:58 | Mithril Plating |
| 21:20 | Flying Machine |
| 21:20 | Flying Machine |
| 21:20 | Flying Machine |
| 21:24 | Farm |
| 21:53 | Studded Leather Armor |
| 24:44 | Mortar Team |
| 24:45 | Mortar Team |
| 31:46 | Storm Bolt |
| 31:46 | Storm Bolt |
| 31:48 | Divine Shield |
| 33:35 | Flying Machine |
| 33:46 | Flying Machine |
| 33:47 | Flying Machine |
| 33:47 | Flying Machine |
| 33:47 | Flying Machine |
| 35:55 | Holy Light |
| 36:52 | Flying Machine |
| 36:53 | Flying Machine |
| 37:05 | Holy Light |
| 38:50 | Bash |
| 38:51 | Bash |
| 38:53 | Divine Shield |
| 44:11 | Flying Machine |
| 44:11 | Flying Machine |
| 44:11 | Flying Machine |
| 44:11 | Flying Machine |
| 45:26 | Storm Bolt |
| 45:28 | Divine Shield |
| 46:41 | Storm Bolt |
| 46:43 | Holy Light |
| 49:16 | Avatar |
| 49:20 | Divine Shield |
| 49:21 | Holy Light |
| 49:23 | Orb of Lightning |
| 53:08 | Resurrection |
| 53:30 | Holy Light |
| 53:34 | Bash |
| Right click | 2478 |
| Select group | 1410 |
| Select | 501 |
| Use ability | 161 |
| Build/train/purchase | 132 |
| Misc. action | 116 |
| Minimap ping | 25 |
| Chat | 14 |
| Assign group | 12 |
| Esc | 10 |
⇛